| TOP OF THE 1ST |
|
Rome Braves batting - Pitching for Boise Hawks : LHP Juan Rivera
|
|
Pitching: LHP Juan Rivera
|
|
|
Batting: SHB Jose Melendez
|
0-0: Ball 1-0: Ball 2-0: Ball 3-0: Called Strike 3-1: Base on Balls
|
|
Batting: SHB Jordan Barragan
|
0-0: Called Strike Jose Melendez is caught stealing 2nd base 2-4 0-1: Called Strike 0-2: Strikes out swinging
|
|
Batting: RHB Yojiro Hayashi
|
0-0: Ball 1-0: Foul Ball, location: 2F 1-1: DOUBLE (Groundball, 5L, EV 104.4 MPH)
|
|
Batting: LHB Ryan Murdock
|
0-0: Ball 1-0: Ground out 6-3 (Groundball, 6, EV 98.8 MPH)
|
| Top of the 1st over - 0 runs, 1 hit, 0 errors, 1 left on base; Rome 0 - Boise 0 |
| BOTTOM OF THE 1ST |
|
Boise Hawks batting - Pitching for Rome Braves : RHP Manny Rolfe
|
|
Pitching: RHP Manny Rolfe
|
|
|
Batting: LHB Freddy Troncoso
|
0-0: Foul Ball, location: 2F 0-1: Ground out 6-3 (Groundball, 6, EV 76.9 MPH)
|
|
Batting: SHB Jamie Locke
|
0-0: Ground out 4-3 (Groundball, 34, EV 98.1 MPH)
|
|
Batting: SHB Andy Vivas
|
0-0: Called Strike 0-1: Foul Ball, location: 2F 0-2: Ball 1-2: Ground out 5-3 (Groundball, 5, EV 87.5 MPH)
|
| Bottom of the 1st over - 0 runs, 0 hits, 0 errors, 0 left on base; Rome 0 - Boise 0 |
| TOP OF THE 2ND |
|
Rome Braves batting - Pitching for Boise Hawks : LHP Juan Rivera
|
|
Batting: RHB Armando Moz
|
0-0: Ball 1-0: Ball 2-0: Ball 3-0: Called Strike 3-1: Foul Ball, location: 2F 3-2: Foul Ball, location: 2F 3-2: Base on Balls
|
|
Batting: LHB Joe Phillips
|
0-0: Foul Ball, location: 2F 0-1: Ball Wild Pitch! Armando Moz to second 1-1: Swinging Strike 1-2: Reached on error, E2 (Groundball, 15S, EV 62.5 MPH) Armando Moz scores
|
|
Batting: RHB Terry Hughes
|
0-0: Ball 1-0: Ball 2-0: Ball 3-0: Base on Balls
|
|
Batting: RHB Gerard Michel
|
0-0: Foul Ball, location: 2F 0-1: Swinging Strike 0-2: Strikes out swinging
|
|
Batting: RHB Adrian Billups
|
0-0: Ball 1-0: Fly out, F5 (Line Drive, 5, EV 68.1 MPH)
|
|
Batting: SHB Jose Melendez
|
0-0: Ball 1-0: Called Strike 1-1: Ground out 4-3 (Groundball, 34, EV 88.1 MPH)
|
| Top of the 2nd over - 1 run, 0 hits, 1 error, 2 left on base; Rome 1 - Boise 0 |
| BOTTOM OF THE 2ND |
|
Boise Hawks batting - Pitching for Rome Braves : RHP Manny Rolfe
|
|
Batting: LHB Jeremy Brammer
|
0-0: Fly out, F2 (Popup, 2RF, EV 97.5 MPH)
|
|
Batting: RHB Tyler Stebbins
|
0-0: Ball 1-0: Swinging Strike 1-1: Swinging Strike 1-2: Ground out 5-3 (Groundball, 56, EV 100.6 MPH)
|
|
Batting: LHB Joe Miller
|
0-0: Ball 1-0: Ball 2-0: Hit by Pitch
|
|
Batting: RHB Yamashita Yagi
|
0-0: Called Strike 0-1: Ball Joe Miller is caught stealing 2nd base 2-4
|
| Bottom of the 2nd over - 0 runs, 0 hits, 0 errors, 0 left on base; Rome 1 - Boise 0 |
| TOP OF THE 3RD |
|
Rome Braves batting - Pitching for Boise Hawks : LHP Juan Rivera
|
|
Batting: SHB Jordan Barragan
|
0-0: Foul Ball, location: 2F 0-1: Swinging Strike 0-2: Ball 1-2: Foul Ball, location: 2F 1-2: Foul Ball, location: 2F 1-2: Strikes out looking
|
|
Batting: RHB Yojiro Hayashi
|
0-0: SINGLE (Line Drive, 56D, EV 100.0 MPH)
|
|
Batting: LHB Ryan Murdock
|
0-0: Called Strike Yojiro Hayashi is caught stealing 2nd base 2-6 0-1: Foul Ball, location: 2F 0-2: Ball 1-2: Ground out 4-3 (Groundball, 4M, EV 90.6 MPH)
|
| Top of the 3rd over - 0 runs, 1 hit, 0 errors, 0 left on base; Rome 1 - Boise 0 |
| BOTTOM OF THE 3RD |
|
Boise Hawks batting - Pitching for Rome Braves : RHP Manny Rolfe
|
|
Batting: RHB Yamashita Yagi
|
0-0: Ball 1-0: Foul Ball, location: 2F 1-1: Foul Ball, location: 2F 1-2: Ball 2-2: Ground out 3-1 (Groundball, 34, EV 104.4 MPH)
|
|
Batting: RHB Haykuhi Kagramanian
|
0-0: Ball 1-0: SINGLE (Groundball, 5D, EV 108.8 MPH)
|
|
Batting: RHB Manny Thompson
|
0-0: Called Strike 0-1: Foul Ball, location: 2F 0-2: Ball 1-2: Foul Ball, location: 2F 1-2: Grounds into double play, 6-4-3 (Groundball, 6, EV 89.4 MPH)
|
| Bottom of the 3rd over - 0 runs, 1 hit, 0 errors, 0 left on base; Rome 1 - Boise 0 |
| TOP OF THE 4TH |
|
Rome Braves batting - Pitching for Boise Hawks : LHP Juan Rivera
|
|
Batting: RHB Armando Moz
|
0-0: Called Strike 0-1: Ground out 6-3 (Groundball, 6, EV 81.9 MPH)
|
|
Batting: LHB Joe Phillips
|
0-0: Ball 1-0: Ball 2-0: Ground out U3 (Groundball, 3, EV 80.6 MPH)
|
|
Batting: RHB Terry Hughes
|
0-0: Called Strike 0-1: Swinging Strike 0-2: Ground out 5-3 (Groundball, 56, EV 83.8 MPH)
|
| Top of the 4th over - 0 runs, 0 hits, 0 errors, 0 left on base; Rome 1 - Boise 0 |
| BOTTOM OF THE 4TH |
|
Boise Hawks batting - Pitching for Rome Braves : RHP Manny Rolfe
|
|
Batting: LHB Freddy Troncoso
|
0-0: Ball 1-0: Foul Ball, location: 2F 1-1: Ground out 6-3 (Groundball, 6, EV 103.1 MPH)
|
|
Batting: SHB Jamie Locke
|
0-0: Ball 1-0: Ball 2-0: Called Strike 2-1: Called Strike 2-2: Foul Ball, location: 2F 2-2: Foul Ball, location: 2F 2-2: Foul Ball, location: 2F 2-2: Strikes out swinging
|
|
Batting: SHB Andy Vivas
|
0-0: Called Strike 0-1: Called Strike 0-2: Ball 1-2: Strikes out swinging
|
| Bottom of the 4th over - 0 runs, 0 hits, 0 errors, 0 left on base; Rome 1 - Boise 0 |
| TOP OF THE 5TH |
|
Rome Braves batting - Pitching for Boise Hawks : LHP Juan Rivera
|
|
Batting: RHB Gerard Michel
|
0-0: Ball 1-0: DOUBLE (Line Drive, 89D, EV 104.4 MPH)
|
|
Batting: RHB Adrian Billups
|
0-0: Ball 1-0: Foul Ball, location: 2F 1-1: SINGLE (Groundball, 6, EV 96.2 MPH) Gerard Michel to third
|
|
Batting: SHB Jose Melendez
|
0-0: Ball 1-0: Ball 2-0: SINGLE (Line Drive, 6D, EV 101.2 MPH) Gerard Michel scores Adrian Billups to second
|
|
Batting: SHB Jordan Barragan
|
0-0: Foul Ball, location: 2F 0-1: Ball 1-1: Foul Ball, location: 2F 1-2: Strikes out swinging
|
|
Batting: RHB Yojiro Hayashi
|
0-0: Fly out, F9 (Flyball, 89M, EV 79.4 MPH)
|
|
Batting: LHB Ryan Murdock
|
0-0: SINGLE (Line Drive, 9LS, EV 104.4 MPH) Adrian Billups to third Jose Melendez to second
|
|
Batting: RHB Armando Moz
|
0-0: Hit by Pitch Adrian Billups scores Jose Melendez to third Ryan Murdock to second
|
|
Batting: LHB Joe Phillips
|
0-0: Ground out U3 (Groundball, 3, EV 109.4 MPH)
|
| Top of the 5th over - 2 runs, 4 hits, 0 errors, 3 left on base; Rome 3 - Boise 0 |
| BOTTOM OF THE 5TH |
|
Boise Hawks batting - Pitching for Rome Braves : RHP Manny Rolfe
|
|
Batting: LHB Jeremy Brammer
|
0-0: Called Strike 0-1: Fly out, F9 (Flyball, 89M, EV 91.2 MPH)
|
|
Batting: RHB Tyler Stebbins
|
0-0: Ball 1-0: Ball 2-0: Ball 3-0: Base on Balls
|
|
Batting: LHB Joe Miller
|
0-0: Ball 1-0: Foul Ball, location: 2F 1-1: Called Strike 1-2: Ball 2-2: Foul Ball, location: 2F 2-2: Fielders Choice at 2nd, 6-4 (Groundball, 6, EV 105.6 MPH)
|
|
Batting: RHB Yamashita Yagi
|
0-0: Fly out, F8 (Line Drive, 78M, EV 96.9 MPH)
|
| Bottom of the 5th over - 0 runs, 0 hits, 0 errors, 1 left on base; Rome 3 - Boise 0 |
| TOP OF THE 6TH |
|
Rome Braves batting - Pitching for Boise Hawks : LHP Juan Rivera
|
|
Batting: RHB Terry Hughes
|
0-0: Called Strike 0-1: Ball 1-1: Ball 2-1: Foul Ball, location: 2F 2-2: Ground out 6-3 (Groundball, 6, EV 105.6 MPH)
|
|
Pitching: RHP Angelo Ayala
|
|
|
Batting: RHB Gerard Michel
|
0-0: Ball 1-0: Ball 2-0: Ball 3-0: Called Strike 3-1: Foul Ball, location: 2F 3-2: Strikes out swinging
|
|
Batting: RHB Adrian Billups
|
0-0: Ball 1-0: Called Strike 1-1: Swinging Strike 1-2: Foul Ball, location: 2F 1-2: Foul Ball, location: 2F 1-2: Ball 2-2: Foul Ball, location: 2F 2-2: Ball 3-2: Foul Ball, location: 2F 3-2: Ground out 6-3 (Groundball, 6, EV 87.5 MPH)
|
| Top of the 6th over - 0 runs, 0 hits, 0 errors, 0 left on base; Rome 3 - Boise 0 |
| BOTTOM OF THE 6TH |
|
Boise Hawks batting - Pitching for Rome Braves : RHP Manny Rolfe
|
|
Batting: RHB Haykuhi Kagramanian
|
0-0: Ball 1-0: Ground out 5-3 (Groundball, 56, EV 81.9 MPH)
|
|
Batting: RHB Manny Thompson
|
0-0: Ground out 6-3 (Groundball, 56, EV 78.8 MPH)
|
|
Batting: LHB Freddy Troncoso
|
0-0: Ball 1-0: Swinging Strike 1-1: Ball 2-1: Foul Ball, location: 2F 2-2: Strikes out swinging
|
| Bottom of the 6th over - 0 runs, 0 hits, 0 errors, 0 left on base; Rome 3 - Boise 0 |
| TOP OF THE 7TH |
|
Rome Braves batting - Pitching for Boise Hawks : RHP Angelo Ayala
|
|
Batting: SHB Jose Melendez
|
0-0: Fly out, F7 (Line Drive, 7, EV 92.5 MPH)
|
|
Batting: SHB Jordan Barragan
|
0-0: Ball 1-0: Foul Ball, location: 2F 1-1: Ground out 6-3 (Groundball, P, EV 89.4 MPH)
|
|
Batting: RHB Yojiro Hayashi
|
0-0: Called Strike 0-1: Foul Ball, location: 2F 0-2: Ball 1-2: Ball 2-2: Strikes out swinging
|
| Top of the 7th over - 0 runs, 0 hits, 0 errors, 0 left on base; Rome 3 - Boise 0 |
| BOTTOM OF THE 7TH |
|
Boise Hawks batting - Pitching for Rome Braves : RHP Manny Rolfe
|
|
Batting: SHB Jamie Locke
|
0-0: Called Strike 0-1: Ball 1-1: Ground out 6-3 (Groundball, 56, EV 105.0 MPH)
|
|
Batting: SHB Andy Vivas
|
0-0: Ball 1-0: Foul Ball, location: 2F 1-1: Ball 2-1: Fly out, F8 (Flyball, 8LXD, EV 104.4 MPH)
|
|
Batting: LHB Jeremy Brammer
|
0-0: Ball 1-0: Foul Ball, location: 2F 1-1: Foul Ball, location: 2F 1-2: Strikes out looking
|
| Bottom of the 7th over - 0 runs, 0 hits, 0 errors, 0 left on base; Rome 3 - Boise 0 |
| TOP OF THE 8TH |
|
Rome Braves batting - Pitching for Boise Hawks : RHP Angelo Ayala
|
|
Pitching: RHP Jim Crooks
|
|
|
Batting: LHB Ryan Murdock
|
0-0: Ball 1-0: Foul Ball, location: 2F 1-1: Foul Ball, location: 2F 1-2: Foul Ball, location: 2F 1-2: SINGLE (Groundball, 4D, EV 95.0 MPH)
|
|
Batting: RHB Armando Moz
|
0-0: Swinging Strike 0-1: Called Strike 0-2: Ball 1-2: Fielders Choice at 2nd, 2-6 (Groundball, 2R, EV 72.5 MPH)
|
|
Batting: LHB Joe Phillips
|
0-0: Called Strike 0-1: Swinging Strike 0-2: Ball 1-2: DOUBLE (Line Drive, 7LM, EV 105.6 MPH) Armando Moz to third
|
|
Batting: RHB Terry Hughes
|
0-0: Ball 1-0: Foul Ball, location: 2F 1-1: Ball 2-1: Foul Ball, location: 2F 2-2: Foul Ball, location: 2F 2-2: Fly out, F7 (Flyball, 78S, EV 81.2 MPH)
|
|
Batting: RHB Gerard Michel
|
0-0: Ball 1-0: Fly out, F6 (Line Drive, 6, EV 67.5 MPH)
|
| Top of the 8th over - 0 runs, 2 hits, 0 errors, 2 left on base; Rome 3 - Boise 0 |
| BOTTOM OF THE 8TH |
|
Boise Hawks batting - Pitching for Rome Braves : RHP Manny Rolfe
|
|
Now at 1B: Ryan Murdock
|
|
|
Now in LF: George Provance
|
|
|
Batting: LHB Steve Gilliam
|
0-0: Ball 1-0: Foul Ball, location: 2F 1-1: Ball 2-1: Called Strike 2-2: Foul Ball, location: 2F 2-2: Ground out 4-3 (Groundball, 4MS, EV 87.5 MPH)
|
|
Batting: LHB Joe Miller
|
0-0: Foul Ball, location: 2F 0-1: Ball 1-1: Swinging Strike 1-2: Strikes out swinging, 2-3 out at first.
|
|
Batting: RHB Yamashita Yagi
|
0-0: Fly out, F9 (Flyball, 9, EV 90.6 MPH)
|
| Bottom of the 8th over - 0 runs, 0 hits, 0 errors, 0 left on base; Rome 3 - Boise 0 |
| TOP OF THE 9TH |
|
Rome Braves batting - Pitching for Boise Hawks : RHP Jim Crooks
|
|
Batting: RHB Adrian Billups
|
0-0: Called Strike 0-1: Swinging Strike 0-2: Ground out 6-3 (Groundball, 6, EV 103.8 MPH)
|
|
Batting: SHB Jose Melendez
|
0-0: Foul Ball, location: 2F 0-1: Foul Ball, location: 2F 0-2: Ball 1-2: Strikes out swinging
|
|
Batting: SHB Jordan Barragan
|
0-0: Swinging Strike 0-1: Ground out 5-3 (Groundball, 56, EV 105.0 MPH)
|
| Top of the 9th over - 0 runs, 0 hits, 0 errors, 0 left on base; Rome 3 - Boise 0 |
| BOTTOM OF THE 9TH |
|
Boise Hawks batting - Pitching for Rome Braves : RHP Manny Rolfe
|
|
Pitching: RHP Troy Hutch
|
|
|
Batting: RHB Haykuhi Kagramanian
|
0-0: Ball 1-0: Ball 2-0: Called Strike 2-1: Foul Ball, location: 2F 2-2: Ball 3-2: Strikes out swinging
|
|
Batting: RHB Manny Thompson
|
0-0: Ball 1-0: Ball 2-0: Ball 3-0: Called Strike 3-1: Ground out 6-3 (Groundball, 6MS, EV 85.6 MPH)
|
|
Batting: LHB Freddy Troncoso
|
0-0: Ball 1-0: Ball 2-0: Ball 3-0: Base on Balls
|
|
Batting: SHB Jamie Locke
|
0-0: SINGLE (Groundball, 34D, EV 110.0 MPH) Freddy Troncoso to second
|
|
Batting: SHB Andy Vivas
|
0-0: Called Strike 0-1: Ball 1-1: DOUBLE (Groundball, 5L, EV 105.0 MPH) Freddy Troncoso scores Jamie Locke to third
|
|
Batting: LHB Jeremy Brammer
|
0-0: Called Strike 0-1: Ball 1-1: Foul Ball, location: 5F, Error on foul ball, E5 1-2: Strikes out looking
|
| Bottom of the 9th over - 1 run, 2 hits, 1 error, 2 left on base; Rome 3 - Boise 1 |
|